 Dungeon Crawl Stone Soup version 0.28.0-1-gb440e238dd (webtiles) character file.

Game seed: 10178798802917335658

112 Kaptain the Digger (level 4, 0/24 HPs)
             Began as a Gargoyle Earth Elementalist on Feb 26, 2022.
             Slain by Grinder (3 damage)
             ... on level 4 of the Dungeon.
             The game lasted 00:07:00 (3251 turns).

Kaptain the Digger (Gargoyle Earth Elementalist)    Turns: 3251, Time: 00:07:02

Health: 0/24       AC:  7    Str: 12    XL:     4   Next: 95%
Magic:  8/17       EV: 11    Int: 17    God:
Gold:   96         SH:  0    Dex: 10    Spells: 4/8 levels left

rFire   . . .      SeeInvis .   h - +0 hunting sling
rCold   . . .      Faith    .   (no shield)
rNeg    + . .      Spirit   .   r - +0 leather armour
rPois   ∞          Reflect  .   (no helmet)
rElec   +          Harm     .   (no cloak)
rCorr   .          Rampage  .   (no gloves)
Will    .....                   q - +0 pair of boots
Stlth   ++........              (no amulet)
HPRegen 0.08/turn               j - ring of magical power
MPRegen 0.15/turn               d - ring of wizardry

@: no status effects
A: sickness immunity, AC +3, negative energy resistance 1, electricity
resistance, torment resistance 1, petrification resistance
a: no special abilities


You were on level 4 of the Dungeon.
You visited 1 branch of the dungeon, and saw 4 of its levels.

You collected 96 gold pieces.

Inventory:

Hand Weapons
 f - a +0 spear
 h - a +0 hunting sling (weapon)
 k - a +0 hand axe
 m - a +0 short sword
Missiles
 c - 102 stones
 e - 17 sling bullets (quivered ammo)
Armour
 b - a +0 robe
 q - a +0 pair of boots (worn)
 r - a +0 leather armour (worn)
Jewellery
 d - a ring of wizardry (right hand)
 j - a ring of magical power (left hand)
 l - a +4 ring of evasion
 n - a ring of magical power
Scrolls
 a - a scroll of teleportation {unknown}
 g - a scroll of immolation {unknown}
 o - a scroll of brand weapon {unknown}
 p - 2 scrolls of identify {unknown}
 t - a scroll of summoning {unknown}
Potions
 i - a potion of might {unknown}
 s - 2 potions of berserk rage {unknown}


   Skills:
 + Level 0.8 Fighting
 + Level 0.7 Armour
 + Level 2.0 Dodging
 + Level 3.0 Stealth
 * Level 2.6 Spellcasting
 * Level 1.4 Conjurations
 - Level 1.1 Transmutations
 * Level 4.3 Earth Magic


You had 4 spell levels left.
You knew the following spells:

 Your Spells              Type           Power      Damage    Failure   Level
a - Sandblast             Erth           34%        2d9       1%          1
b - Stone Arrow           Conj/Erth      24%        3d8       9%          3

Your spell library contained the following spells:

 Spells                   Type           Power      Damage    Failure   Level
 Passwall                 Tmut/Erth      9%         N/A       4%          2
 Animate Skeleton         Necr           4%         N/A       9%          1
 Apportation              Tloc           4%         N/A       9%          1
 Summon Small Mammal      Summ           8%         N/A       9%          1
 Ensorcelled Hibernation  Hex/Ice        4%         N/A       14%         2
 Call Canine Familiar     Summ           2%         N/A       26%         3
 Portal Projectile        Hex/Tloc       4%         N/A       26%         3
 Swiftness                Air            2%         N/A       26%         3
 Petrify                  Tmut/Erth      11%        N/A       28%         4
 Leda's Liquefaction      Hex/Erth       4%         N/A       34%         4


Dungeon Overview and Level Annotations

Branches:
Dungeon (4/15)
 Temple: D:4-7

Altars:

Annotations:
D:3 2 transporters
D:4 Grinder


Innate Abilities, Weirdness & Mutations

You are immune to sickness and miasma.
Your stone body is resilient. (AC +3)
You are immune to poison.
You resist negative energy. (rN+)
You are resistant to electric shocks. (rElec)
You are resistant to unholy torment.
You are immune to petrification.


Message History

Casting: Sandblast (safe; 1% risk of failure)
Confirm with . or Enter, or press ? or * to list all spells.
Aiming: Sandblast (safe; 1% risk of failure)
Press: ? - help, Shift-Dir - straight line, f/p - Grinder
Aim: Grinder (severely wounded, 77% to hit)
The blast of sand misses Grinder.
c - 105 stones Grinder says, "DUCK!"
Grinder hits you but does no damage.
Casting: Sandblast (safe; 1% risk of failure)
Confirm with . or Enter, or press ? or * to list all spells.
Aiming: Sandblast (safe; 1% risk of failure)
Press: ? - help, Shift-Dir - straight line, f/p - Grinder
Aim: Grinder (severely wounded, 77% to hit)
The blast of sand hits Grinder.
Grinder is almost dead.
c - 104 stones Grinder barely misses you.
Casting: Sandblast (safe; 1% risk of failure)
Confirm with . or Enter, or press ? or * to list all spells.
Aiming: Sandblast (safe; 1% risk of failure)
Press: ? - help, Shift-Dir - straight line, f/p - Grinder
Aim: Grinder (almost dead, 77% to hit)
The blast of sand hits Grinder.
Grinder is almost dead.
c - 103 stones Grinder hits you.
* * * LOW HITPOINT WARNING * * *
You writhe in agony.
* * * LOW HITPOINT WARNING * * *
Casting: Sandblast (safe; 1% risk of failure)
Confirm with . or Enter, or press ? or * to list all spells.
Aiming: Sandblast (safe; 1% risk of failure)
Press: ? - help, Shift-Dir - straight line, f/p - Grinder
Aim: Grinder (almost dead, 77% to hit)
The blast of sand hits Grinder but does no damage.
Grinder is almost dead.
c - 102 stones Grinder hits you.
You die...

.# # #######.#
..< #.....#.# #
#..#.....#.#.#
#....@........
#.#..#5...#..
#..##...#
#.......# ..
....#....#####..#
....###..<#....#
#.?.###.....#
..#.....#.#.##
######.....#


You could see Grinder.

Vanquished Creatures
  6 adders
  2 dart slugs
  4 orcs (D:3)
  4 ball pythons
  5 bats
  5 endoplasms
  3 giant cockroaches
  4 goblins
  3 hobgoblins
  2 kobolds (D:2)
  2 quokkas
  4 frilled lizards
  5 rats
49 creatures vanquished.

Notes
Turn   | Place    | Note
-------+----------+-------------------------------------------
     0 | D:1      | Kaptain the Gargoyle Earth Elementalist began the quest for
                  | the Orb.
     0 | D:1      | Reached XP level 1. HP: 10/10 MP: 3/3
   537 | D:1      | Reached skill level 1 in Transmutations
   537 | D:1      | Reached XP level 2. HP: 15/15 MP: 3/5
  1258 | D:1      | Reached XP level 3. HP: 19/19 MP: 6/6
  1262 | D:1      | Learned a level 3 spell: Stone Arrow
  1337 | D:2      | Reached skill level 4 in Earth Magic
  1713 | D:2      | Reached skill level 1 in Conjurations
  1713 | D:2      | Reached XP level 4. HP: 22/24 MP: 7/7
  2190 | D:3      | Found a transporter.
  2236 | D:3      | Found a faded altar of an unknown god.
  2310 | D:3      | Found a transporter.
  3222 | D:4      | Noticed Grinder
  3226 | D:4      | Paralysed by Grinder for 7 turns
  3251 | D:4      | Slain by Grinder

Illustrated notes

Levels and vault maps discovered:
D:1:      nicolae_arrival_memento_mori, layout_basic, minmay_pentomino_t2
D:2:      layout_loops_ring, chequers_jeans, kennysheep_generic_room_7
D:3:      gammafunk_wand_slinger, layout_basic,
          hellmonk_ecumenical_altar_run_dry
D:4:      layout_loops_ring, amcnicky_altar_gilded,
          minmay_temple_entry_nine_rooms, uniq_grinder

Skill      XL: |  1  2  3  4 |
---------------+-------------+-----
Transmutations | 1 |  1.1
Earth Magic    | 4 |  4.3
Conjurations   | 1 |  1.4
Dodging        | 2 |  2.0
Stealth        | 3 |  3.0
Fighting       | |  0.8
Armour         | |  0.7
Spellcasting   | |  2.6

Action                   |  1- 3 |  4- 6 || total
-------------------------+-------+-------++-------
Melee: Spear             |    32 |       ||    32
       Short sword       |       |    12 ||    12
 Fire: Hunting sling     |     9 |    19 ||    28
 Cast: Sandblast         |    28 |    39 ||    67
 Stab: Sleeping          |     3 |       ||     3
Armor: Robe              |    14 |     1 ||    15
       Leather armour    |       |    11 ||    11
Dodge: Dodged            |    28 |    14 ||    42
